 Dungeon Crawl Stone Soup version 0.26.1-11-gd32895ea62 (webtiles) character file.

Game seed: 13896317102558159669

30870 Tirrikindir the Carver (level 13, -4/87 HPs)
             Began as an Octopode Fighter on June 2, 2021.
             Was the Champion of Makhleb.
             Killed from afar by Azrael (32 damage)
             ... with damnation
             ... on level 12 of the Dungeon.
             The game lasted 00:35:49 (12977 turns).

Tirrikindir the Carver (Octopode Fighter)          Turns: 12977, Time: 00:35:50

Health: -4/87      AC:  1    Str: 23    XL:     13   Next: 54%
Magic:  21/21      EV: 18    Int: 11    God:    Makhleb [******]
Gold:   962        SH: 17    Dex: 14    Spells: 12/12 levels left

rFire    + + .     SeeInvis .   D - +2 scimitar (flame)
rCold    . . .     Faith    .   b - +5 kite shield
rNeg     . . .     Spirit   .   (helmet restricted)
rPois    +         Reflect  .   f - amulet of regeneration
rElec    +         Harm     .   v - ring of stealth
rCorr    +         Rampage  .   m - +6 ring of strength
Will     .....                  F - ring of fire
Stlth    ++++++....             (no ring)
HPRegen  0.64/turn              (no ring)
MPRegen  0.17/turn              (no ring)
                                (no ring)
                                (no ring)

@: resistant
A: almost no armour, stealthy swim, amphibious, 8 rings, constrict 8, camouflage
1, gelatinous body 1
a: Renounce Religion, Minor Destruction, Lesser Servant of Makhleb, Major
Destruction, Greater Servant of Makhleb


You were on level 12 of the Dungeon.
You worshipped Makhleb.
Makhleb was exalted by your worship.
You visited 2 branches of the dungeon, and saw 15 of its levels.
You also visited: Sewer and Bailey.

You collected 1134 gold pieces.
You spent 172 gold pieces at shops.

Inventory:

Hand Weapons
 x - a +4 scimitar
 A - a +2 antimagic short sword
 D - a +2 scimitar of flaming (weapon)
Missiles
 r - 28 poisoned darts
Armour
 b - a +5 kite shield (worn)
Jewellery
 f - an amulet of regeneration (around mantle)
 m - a +6 ring of strength (right tentacle)
 v - a ring of stealth (left tentacle)
 F - a ring of fire (on tentacle)
Wands
 a - a wand of paralysis (16)
 q - a wand of digging (5)
 y - a wand of iceblast (17)
 B - a wand of acid (10)
 G - a wand of flame (22)
Scrolls
 d - 10 scrolls of teleportation
 i - 12 scrolls of remove curse
 l - 3 scrolls of immolation
 p - 5 scrolls of blinking
 s - 5 scrolls of fear
 t - 2 scrolls of magic mapping
 w - 8 scrolls of identify
 z - 2 scrolls of amnesia
 C - a scroll of summoning
 E - a scroll of enchant armour
 H - a scroll of silence
 K - a scroll of enchant weapon
Potions
 c - a potion of might
 e - 7 potions of curing
 g - 6 potions of haste
 h - 2 potions of heal wounds
 j - 2 potions of cancellation
 k - 3 potions of brilliance
 n - 2 potions of resistance
 o - a potion of ambrosia
 u - 2 potions of flight
 J - 2 potions of invisibility {unknown}
Miscellaneous
 I - a condenser vane


   Skills:
 + Level 7.6 Fighting
 * Level 12.0 Long Blades
 * Level 10.0 Dodging
 - Level 10.0 Stealth
 * Level 10.0 Shields
 * Level 10.7 Invocations
 - Level 3.0 Evocations


You had 12 spell levels left.
You didn't know any spells.
Your spell library contained the following spells:

 Spells                   Type           Power        Failure   Level
 Corona                   Hex            0%           56%         1
 Summon Small Mammal      Summ           0%           56%         1
 Call Imp                 Summ           0%           71%         2
 Ensorcelled Hibernation  Hex/Ice        0%           71%         2
 Call Canine Familiar     Summ           0%           90%         3
 Confusing Touch          Hex            0%           90%         3
 Dazzling Flash           Conj/Hex       0%           90%         3
 Summon Guardian Golem    Hex/Summ       0%           90%         3
 Tukima's Dance           Hex            0%           90%         3
 Summon Ice Beast         Ice/Summ       0%           100%        4
 Summon Lightning Spire   Summ/Air       0%           100%        4


Dungeon Overview and Level Annotations

Branches:
Dungeon (14/15)            Temple (1/1) D:7            Lair (0/6) D:8
    Orc (0/2) D:11          Sewer (visited)          Bailey (visited)
 Vaults: D:13-14

Altars:
Ashenzari
Cheibriados
Dithmenos
Elyvilon
Fedhas
Gozag
Hepliaklqana
Kikubaaqudgha
Makhleb
Nemelex Xobeh
Okawaru
Qazlal
Ru
Sif Muna
Trog
Uskayaw
Vehumet
Wu Jian
Xom
Yredelemnul
Zin
The Shining One

Shops:
D:7 [   D:8 *   D:10 (

Annotations:
D:12 Azrael
D:13 4 runed translucent doors, ubername's ghost, journeyman BaBe


Innate Abilities, Weirdness & Mutations

You cannot wear most types of armour.
You are very stealthy in the water. (Stealth+)
You are amphibious.
You can wear up to eight rings at the same time.
You can use your tentacles to constrict eight enemies at once.
Your skin changes colour to match your surroundings (Stealth+).
Your rubbery body absorbs attacks. (AC +1, EV +1)


Message History

Azrael gestures at you.
The fireball explodes!
The fireball engulfs you! You resist.
The fireball engulfs Azrael.
Azrael completely resists.
You hit Azrael. You squeeze Azrael.
Azrael is heavily wounded.
You block Azrael's attack.
You slice Azrael!!
Azrael is severely wounded.
Azrael gestures at you. You block the sticky flame.
You hit Azrael.
Azrael is severely wounded.
Azrael gestures at you.
The fireball explodes!
The fireball engulfs you! You resist.
The fireball engulfs Azrael.
Azrael completely resists.
You hit Azrael but do no damage. You squeeze Azrael.
Azrael is almost dead.
Azrael gestures at you.
The sphere of damnation explodes!
The damnation engulfs you!!
You die...

.###.......#
...........###
##########...#
## ###.# .#
#.# h# #.# h#
#.# h#
#.####R#
#....@.#
########


You could see Azrael and 3 hell hounds.

Vanquished Creatures
  An orc warlord (Bailey)
  Josephine (D:10)
  A boulder beetle (D:13)
  A catoblepas (D:13)
  A centaur warrior (D:11)
  3 two-headed ogres
  Nergalle (D:10)
  3 skeletal warriors (D:11)
  An unseen horror (D:11)
  Pikel (D:7)
  An orc knight (Bailey)
  A deep elf mage (D:13)
  4 ugly things (D:11)
  A cyclops (D:14)
  Maggie (D:7)
  An efreet (D:13)
  2 trolls
  5 wraiths
  A wyvern (D:12)
  10 yaks
  A fire elemental (D:12)
  Menkaure (D:6)
  2 wargs (D:11)
  2 hell hounds (D:12)
  7 orc warriors
  5 water moccasins
  5 ice beasts
  5 phantoms
  7 ogres
  A sky beast (D:11)
  3 black bears
  A hornet zombie (D:14)
  2 wolves (D:8)
  7 necrophages
  3 eyes of draining
  8 centaurs
  10 big kobolds
  4 bullfrogs
  A gnoll sergeant (D:11)
  2 wyvern skeletons
  2 scorpions
  17 killer bees
  9 wights
  3 howler monkeys (D:7)
  7 electric eels
  A crimson imp (D:5)
  A bullfrog zombie (D:9)
  A quasit (D:9)
  2 centaur zombies
  3 hounds
  4 jellies
  8 orc priests
  12 orc wizards
  Crazy Yiuf (D:7)
  Jessica (D:2)
  3 iguanas
  11 worker ants
  A hound zombie (D:5)
  A hound skeleton (D:4)
  6 gnolls
  A worker ant zombie (D:6)
  15 adders
  4 river rats
  A shadow imp (D:8)
  5 white imps
  4 ufetubi
  3 oozes
  An adder skeleton (D:8)
  9 worms
  A dart slug (D:1)
  4 leopard geckos
  53 orcs
  6 bats
  7 giant cockroaches
  17 goblins
  7 hobgoblins
  12 jackals
  53 kobolds
  4 quokkas
  4 ball pythons
  3 frilled lizards
  A giant cockroach zombie (D:6)
  11 rats
438 creatures vanquished.

Vanquished Creatures (others)
  A hound (D:8)
  An orc wizard (D:10)
  3 orcs (D:10)
  A bush (D:6)
  13 plants (D:6)
19 creatures vanquished.

Grand Total: 457 creatures vanquished

Notes
Turn   | Place    | Note
-------+----------+-------------------------------------------
     0 | D:1      | Tirrikindir the Octopode Fighter began the quest for the
                  | Orb.
     0 | D:1      | Reached XP level 1. HP: 16/16 MP: 1/1
   177 | D:1      | Reached XP level 2. HP: 21/21 MP: 2/2
   546 | D:1      | Reached skill level 1 in Stealth
  1005 | D:2      | Reached XP level 3. HP: 26/26 MP: 3/3
  1220 | D:2      | Noticed Jessica
  1223 | D:2      | Killed Jessica
  1224 | D:2      | Reached skill level 3 in Long Blades
  1224 | D:2      | Reached XP level 4. HP: 31/31 MP: 4/4
  1543 | D:2      | Reached XP level 5. HP: 23/36 MP: 5/5
  1755 | D:3      | Noticed a phantom
  1789 | D:3      | Killed a phantom
  1909 | D:3      | Found a sacrificial altar of Ru.
  1921 | D:3      | Reached XP level 6. HP: 43/43 MP: 6/6
  2091 | D:3      | Reached skill level 4 in Long Blades
  2095 | D:3      | Found an ornate altar of the Wu Jian Council.
  2100 | D:3      | Noticed a spectral centipede
  2100 | D:3      | Noticed a spectral black mamba
  2100 | D:3      | Noticed a spectral cane toad
  2777 | D:4      | Reached XP level 7. HP: 45/48 MP: 7/7
  2885 | D:4      | Reached skill level 5 in Long Blades
  3443 | D:5      | Entered Level 5 of the Dungeon
  3466 | D:5      | Found a burning altar of Makhleb.
  3486 | D:5      | Became a worshipper of Makhleb the Destroyer
  3534 | D:5      | Found a glowing drain.
  3547 | Sewer    | Entered a sewer
  3603 | Sewer    | Reached skill level 6 in Long Blades
  3603 | Sewer    | Reached skill level 1 in Invocations
  3756 | Sewer    | Reached * piety under Makhleb
  3864 | Sewer    | Reached XP level 8. HP: 52/54 MP: 9/9
  4268 | D:5      | Reached skill level 7 in Long Blades
  4682 | D:6      | Noticed Menkaure
  4711 | D:6      | Killed Menkaure
  4712 | D:6      | Reached skill level 8 in Long Blades
  4735 | D:6      | Reached ** piety under Makhleb
  4776 | D:6      | Reached skill level 1 in Evocations
  4854 | D:6      | Reached XP level 9. HP: 58/58 MP: 12/12
  5296 | D:6      | Found a blossoming altar of Fedhas.
  5336 | D:6      | Reached skill level 5 in Invocations
  5355 | D:6      | Reached skill level 5 in Dodging
  5355 | D:6      | Reached skill level 5 in Stealth
  5355 | D:6      | Reached skill level 5 in Shields
  5600 | D:7      | Noticed Pikel
  5681 | D:7      | Found a flagged portal.
  5707 | D:7      | Found Falan's Antique Armour Boutique.
  5711 | Bailey   | Entered a bailey
  5766 | Bailey   | Noticed an orc warlord
  5848 | Bailey   | Reached *** piety under Makhleb
  5860 | Bailey   | Noticed an orc knight
  5874 | Bailey   | Killed an orc knight
  5875 | Bailey   | Reached skill level 9 in Long Blades
  5875 | Bailey   | Reached XP level 10. HP: 47/65 MP: 14/14
  5904 | Bailey   | Found a runed translucent gate.
  5918 | Bailey   | Found a runed translucent gate.
  5919 | Bailey   | Found a runed translucent gate.
  6005 | Bailey   | Killed an orc warlord
  6006 | Bailey   | Reached skill level 5 in Fighting
  6152 | Bailey   | Identified a scroll of acquirement
  6153 | Bailey   | Acquired 326 gold pieces
  6219 | D:7      | Bought a shiny kite shield for 172 gold pieces
  6264 | D:7      | Found a staircase to the Ecumenical Temple.
  6291 | Temple   | Entered the Ecumenical Temple
  6584 | D:7      | Killed Pikel
  6912 | D:7      | Reached skill level 10 in Long Blades
  6912 | D:7      | Reached XP level 11. HP: 72/72 MP: 15/17
  6933 | D:7      | Noticed Maggie
  6940 | D:7      | Killed Maggie
  7303 | D:7      | Found a runed translucent door.
  7304 | D:7      | Noticed Crazy Yiuf
  7309 | D:7      | Killed Crazy Yiuf
  7492 | D:7      | Found a bloodstained altar of Trog.
  7709 | D:8      | Found Ged Wida's General Store.
  7718 | D:8      | Noticed a two-headed ogre
  7728 | D:8      | Killed a two-headed ogre
  7758 | D:8      | Reached **** piety under Makhleb
  7895 | D:8      | Reached XP level 12. HP: 80/80 MP: 18/18
  7930 | D:8      | Found a staircase to the Lair.
  8355 | D:8      | Noticed a two-headed ogre
  8365 | D:8      | Killed a two-headed ogre
  9120 | D:9      | Found an iron altar of Okawaru.
  9146 | D:9      | Reached ***** piety under Makhleb
  9655 | D:10     | Entered Level 10 of the Dungeon
  9805 | D:10     | Found an ornate altar of the Wu Jian Council.
  9833 | D:10     | Reached skill level 11 in Long Blades
  9869 | D:10     | Noticed Josephine
  9884 | D:10     | Killed Josephine
 10144 | D:10     | Noticed Nergalle
 10159 | D:10     | Killed Nergalle
 10295 | D:10     | Found Qotuz's Weapon Emporium.
 10694 | D:11     | You fall into a shaft and drop 3 floors!
 10792 | D:13     | Noticed a catoblepas
 10803 | D:13     | Killed a catoblepas
 10806 | D:13     | Found a large runed translucent door.
 10811 | D:13     | Found a large runed translucent door.
 10812 | D:13     | Noticed ubername's ghost (journeyman BaBe)
 10964 | D:13     | Noticed a boulder beetle
 10982 | D:13     | Found a runed translucent door.
 10999 | D:13     | Killed a boulder beetle
 11000 | D:13     | Reached skill level 10 in Invocations
 11000 | D:13     | Reached XP level 13. HP: 70/86 MP: 20/20
 11001 | D:13     | Noticed an ice dragon
 11001 | D:13     | Noticed a fire dragon
 11002 | D:13     | Noticed an ice dragon
 11003 | D:13     | Found the +2 shield of Resistance {rF++ rC++ Will++}
 11003 | D:13     | Noticed a fire dragon
 11014 | D:13     | Found a runed translucent door.
 11367 | D:11     | Reached ****** piety under Makhleb
 12322 | D:11     | Reached skill level 10 in Stealth
 12473 | D:11     | Found a staircase to the Orcish Mines.
 12486 | D:11     | Reached skill level 10 in Dodging
 12827 | D:12     | Reached skill level 12 in Long Blades
 12953 | D:12     | Noticed Azrael
 12958 | D:12     | Reached skill level 10 in Shields
 12968 | D:12     | HP: 1/87 [hell hound/blast of flame[Azrael] (6)]
 12977 | D:12     | Killed from afar by Azrael

Illustrated notes

Levels and vault maps discovered:
D:1:      amcnicky_arrival_abandoned_market, layout_basic, serial_rivers,
          chequers_serial_rivers_small_3, chequers_serial_rivers_room_a,
          chequers_serial_rivers_micro_d, chequers_serial_rivers_marsh
D:2:      layout_loops_corners, minivault_24, uniq_jessica
D:3:      layout_loops_ring, nicolae_ru_sacrificial_ziggurat,
          pdpol_wu_jian_five_deadly_venoms
D:4:      layout_cave_pods
D:5:      layout_basic, makhleb_grotto_becter, portal_sewer_entry_e,
          hangedman_abyss_or_decor_stagger
D:6:      layout_loops_cross, fedhas_altar_decomposition, uniq_menkaure
D:7:      layout_layer_cave, trog_eyes_of_draining,
          minmay_temple_entry_proselytizer, enter_bailey_2, serial_shops,
          nicolae_shop_statue_plus, st_stairs_13, kennysheep_generic_room_9,
          uniq_pikel, uniq_crazy_yiuf_cottage, uniq_maggie
D:8:      layout_cave_pools, erik_lair_island, serial_column_ruins,
          column_ruins_courtyard_long, column_ruins_open_tiny_water,
          column_ruins_grid_1, column_ruins_columns_straight,
          column_ruins_columns_dead_end, serial_shops, shop,
          kennysheep_small_circle
D:9:      layout_gridville, okawaru_metal_pillars_1_2, serial_co_window_serial,
          co_window_of_opportunity_a, co_window_paths_a, co_window_paths_a,
          co_window_corner_a, co_window_cross_1, co_window_cross_3,
          co_window_2corner, co_window_cross_2, co_window_of_opportunity_c,
          co_window_cross_4, co_window_4corner_b, glass_columns_c
D:10:     layout_loops_cross, basic_altar, serial_shops, shop, nrook_uturn,
          serial_bayou_pond_b, nicolae_twisting_strands, uniq_josephine,
          uniq_nergalle
D:11:     layout_long_grid, david_orc_1_choice
D:12:     layout_basic, uniq_azrael
D:13:     layout_irregular_city, lightli_vaults_fourway_checkpoint,
          serial_shops, nicolae_shop_window_shopping,
          ebering_ghost_disaster_area, minmay_guarded_unrand_resistance,
          uniq_frances
D:14:     layout_gridville, lemuel_altar_in_water
Temple:   eino_temple_scatter_basement

Skill      XL: |  1  2  3  4  5  6  7  8  9 10 11 12 13 |
---------------+----------------------------------------+-----
Stealth        | 1 2 3 4 5 7 8 9 10 | 10.0
Long Blades    | 3 4 6 8 9 10 11 12 | 12.0
Shields        | 4 5 7 8 9 10 | 10.0
Fighting       | 4 6 7 |  7.6
Dodging        | 4 5 7 8 9 10 | 10.0
Invocations    | 2 4 6 8 10 | 10.7
Evocations     | 1 2 3 |  3.0

Action                   |  1- 3 |  4- 6 |  7- 9 | 10-12 | 13-15 || total
-------------------------+-------+-------+-------+-------+-------++-------
Melee: Long sword        |    43 |   110 |   144 |       |       ||   297
       Constrict         |    12 |    32 |    83 |    66 |    43 ||   236
       Tentacles         |     1 |    21 |    92 |   128 |    83 ||   325
       Scimitar          |       |       |   160 |   415 |   251 ||   826
Throw: Dart              |       |       |     2 |     1 |       ||     3
Invok: Minor Destruction |       |       |     4 |    48 |    16 ||    68
Evoke: Wand              |       |       |       |     6 |       ||     6
  Use: Scroll            |     9 |     3 |    13 |    16 |     3 ||    44
       Potion            |       |     2 |     1 |     5 |     4 ||    12
 Stab: Sleeping          |     4 |     8 |    18 |    22 |     3 ||    55
       Distracted        |       |       |       |     1 |       ||     1
Armor: Skin              |     4 |     2 |    12 |     3 |     4 ||    25
Dodge: Dodged            |    20 |    34 |   113 |   133 |    71 ||   371
Block: Kite shield       |    13 |    46 |   167 |   250 |   165 ||   641
       Rpst.: Long sword |     7 |    11 |    15 |       |       ||    33
       Scimitar          |       |       |    13 |    35 |    21 ||    69
